AoeStats
← papalove

Lombardia

509078367Analyzed
2v2 RM · 8d ago on Sep 25, 2026· 54m 40s· 4 players
Game mode
Random Map
Map size
Medium (4 player)
Population
200
Speed
Normal
Resources
Standard
Victory
Conquest
Starting age
Dark Age
Ending age
Imperial Age
RankedLock teamsTeams togetherTeam positionsShared explorationLock speedFull tech treeHidden civsTurbo modeCheats
Victory
Defeat
🇫🇷 Maya · France
1198
+13
🇫🇷 Georgians · France
1130
+16
🇵🇭 Danes · Philippines
1136
-15
🇵🇭 Saxons · Philippines
1114
-14
papalove
0:28 Loom
11:44 Feudal Age
16:00 Castle Age
16:11 Crossbowman
17:41 Fletching
18:47 Double-Bit Axe
20:27 Horse Collar
25:13 Ballistics
26:23 Squires
28:13 Heavy Plow
28:43 Bodkin Arrow
30:44 Wheelbarrow
29:47 Eagle Warrior
30:26 Stone Mining
30:27 Gold Mining
30:50 Town Watch
32:58 Hand Cart
32:56 Bow Saw
35:26 Scale Mail Armor
35:37 Forging
37:59 Imperial Age
37:10 Chain Mail Armor
36:59 Treadmill Crane
37:16 Murder Holes
38:16 Fortified Wall
38:29 Thumb Ring
38:03 Elite Eagle Warrior
39:06 Conscription
39:20 Holcans
40:16 Bracer
41:34 Plate Mail Armor
41:40 Iron Casting
41:22 Arbalester
43:23 Chemistry
43:16 Elite Plumed Archer
45:32 Blast Furnace
44:34 Padded Archer Armor
46:22 Hoardings
46:08 Town Patrol
46:13 Caravan
51:49 Masonry
51:30 Heated Shot
51:23 Pikeman
Peaky
12:35 Feudal Age
10:54 Loom
22:53 Castle Age
21:50 Horse Collar
21:58 Double-Bit Axe
32:02 Bow Saw
32:52 Bloodlines
32:43 Husbandry
34:48 Scale Barding Armor
34:54 Forging
38:12 Chain Barding Armor
38:27 Iron Casting
40:41 Imperial Age
38:50 Wheelbarrow
38:01 Town Watch
38:21 Heavy Plow
41:04 Light Cavalry
42:50 Plate Barding Armor
43:17 Blast Furnace
41:46 Elite Monaspa
45:09 Ballistics
44:52 Hussar
46:14 Conscription
50:58 Crop Rotation
51:06 Hand Cart
53:25 Chemistry
53:58 Aznauri Cavalry
Sthreesixseven
7:25 Loom
10:04 Feudal Age
10:14 Man-at-Arms
10:45 Double-Bit Axe
11:58 Arson
14:07 Horse Collar
14:20 Gold Mining
18:55 Wheelbarrow
22:03 Castle Age
19:59 Fletching
20:09 Scale Mail Armor
20:05 Fletching
20:31 Stone Mining
21:36 Padded Archer Armor
24:03 Leather Archer Armor
24:58 Bodkin Arrow
25:21 Chain Mail Armor
26:22 Gold Shaft Mining
25:44 Long Swordsman
26:37 Forging
26:45 Squires
26:30 Gambesons
26:53 Squires
32:32 Bow Saw
33:05 Heavy Plow
34:47 Hand Cart
35:40 Stone Shaft Mining
35:59 Hamask
36:53 Town Watch
38:03 Elite Skirmisher
44:37 Imperial Age
43:57 Masonry
44:07 Ballistics
45:27 Iron Casting
45:54 Plate Mail Armor
45:22 Two-Handed Swordsman
46:48 Conscription
47:26 Siege Engineers
48:12 Onager
51:12 Bodkin Arrow
51:29 Caravan
52:12 Bracer
53:19 Elite Varangian Guard
asashikashi
8:18 Loom
10:04 Feudal Age
11:10 Double-Bit Axe
11:17 Gold Mining
11:32 Man-at-Arms
12:09 Horse Collar
16:40 Wheelbarrow
20:49 Castle Age
20:25 Fletching
20:39 Scale Mail Armor
21:28 Elite Skirmisher
22:31 Bodkin Arrow
26:27 Town Watch
28:19 Chain Mail Armor
29:02 Gambesons
31:06 Forging
31:05 Squires
35:43 Imperial Age
34:03 Masonry
34:43 Bow Saw
34:49 Heavy Plow
36:04 Iron Casting
35:29 Padded Archer Armor
35:55 Thumb Ring
36:28 Ballistics
36:02 Elite Varangian Guard
36:31 Arson
38:00 Crop Rotation
37:47 Shield Wall
37:49 Clerical Recruitment
39:17 Hoardings
39:42 Plate Mail Armor
40:07 Architecture
40:21 Bracer
41:16 Elite Hearth Troop
42:18 Conscription
43:23 Hand Cart
43:09 Town Patrol
43:08 Guard Tower
44:33 Onager
45:57 Long Swordsman
48:22 Siege Engineers
51:05 Two-Man Saw
50:24 Leather Archer Armor
Connection lost

Rejoining the realm…

Still unreachable

The connection could not be restored.

Session expired

The server has moved on; the page needs a fresh start.